 Dungeon Crawl Stone Soup version 0.31-a0-174-g85c54bcb58 (webtiles) character file.

Game seed: 12221096032902307088

88 qw the Shooter (level 4, 0/39 HPs)
             Began as a Naga Hunter on June 15, 2023.
             Slain by a goblin
             ... wielding a +0 dagger
             ... led by Robin
              (2 damage)
             ... on level 2 of the Dungeon.
             The game lasted 00:00:22 (1039 turns).

qw the Shooter (Naga Hunter)                        Turns: 1039, Time: 00:00:23

Health: 0/39       AC:  2    Str: 14    XL:     4   Next: 53%
Magic:  0/4        EV:  9    Int:  9    God:
Gold:   89         SH:  0    Dex: 16    Spells: 3/3 levels left

rFire   . . .        Y - +0 shortbow
rCold   . . .        (shield currently unavailable)
rNeg    . . .        c - +0 leather armour
rPois   +            (no helmet)
rElec   .            (no cloak)
rCorr   .            (no gloves)
SInv    +            (no barding)
Will    .....        f - amulet of guardian spirit
Stlth   ++           (no ring)
HPRegen 0.26/turn    (no ring)
MPRegen 0.09/turn

%: guardian spirit
@: short of breath, very slow
A: AC +1, large, see invisible, deformed body, poison resistance, slowness 2,
spit poison 1, naga tail 1
a: Spit Poison


You were on level 2 of the Dungeon.
You visited 1 branch of the dungeon, and saw 2 of its levels.

You collected 89 gold pieces.


Innate Abilities, Weirdness & Mutations

Your serpentine skin is tough. (AC +1)
You have supernaturally acute eyesight. (SInv)
Armour fits poorly on your strangely shaped body.
Your system is resistant to poisons. (rPois)
You cover ground very slowly.
You can spit poison.
You have a snake-like lower body.


   Skills:
 + Level 2.2 Fighting
 - Level 5.2 Ranged Weapons
 - Level 1.5 Dodging
 - Level 1.5 Stealth


You had 3 spell levels left.
You didn't know any spells.
Your spell library was empty.

Inventory:

Hand Weapons
 Y - a +0 shortbow (weapon)
Armour
 c - a +0 leather armour (worn)
Jewellery
 f - an amulet of guardian spirit (around neck)
Scrolls
 b - a scroll of identify
 g - a scroll of blinking {unknown}
Potions
 a - a potion of berserk rage {unknown}
 d - 2 potions of might {unknown}
 e - a potion of resistance {unknown}

Dungeon Overview and Level Annotations

Branches:
Dungeon (2/15)

Altars:

Annotations:
D:2 Robin


Message History

Robin points. "Kill!"
Robin hits you with a +2 dagger of venom.
You shoot an arrow.
The arrow hits Robin but does no damage.
Robin throws the goblin at you! The goblin hits you with a +0 club.
You shoot an arrow. The arrow hits Robin.
Robin is lightly wounded.
You have got your breath back.
Robin throws the goblin at you! The goblin hits you with a +0 dagger.
The goblin hits you but does no damage.
1034 ||| INVOKING Spit Poison.
Aiming: Spit Poison (1% risk of failure)
Press: ? - help, Shift-Dir - straight line, f/p - Robin The splash of poison hits Robin!
Robin is heavily wounded.
Robin hits you with a +2 dagger of venom.
The goblin barely misses you. The goblin hits you but does no damage.
You shoot an arrow. The arrow closely misses Robin.
Robin closely misses you. The goblin hits you with a +0 dagger.
The goblin hits you with a +0 club.
You shoot an arrow. The arrow barely misses Robin.
The goblin closely misses you. The goblin hits you with a +0 club.
You shoot an arrow.
The arrow hits Robin but does no damage.
Robin is heavily wounded.
Robin hits you with a +2 dagger of venom.
The hobgoblin barely misses you. The goblin closely misses you.
The goblin completely misses you.
You shoot an arrow. The arrow barely misses Robin.
The goblin no longer looks unusually strong.
Robin hits you with a +2 dagger of venom.
The hobgoblin closely misses you. The goblin barely misses you.
The goblin hits you but does no damage.
You shoot an arrow. The arrow hits Robin!
Robin is almost dead.
The goblin no longer looks unusually strong.
Robin laughs in a distinctly smug fashion.
Robin hits you with a +2 dagger of venom.
The hobgoblin closely misses you. The goblin hits you with a +0 dagger.
You die...

#...####......#.##.###.#.#
#.... #...# #......#.##.#
#.#.# ##### #...#
##.....#.##.###.#.# #.
#...# #######.#......#.#
#. ...#..#####.#######.
#####..####.....%....
#........##..####.)..
#.#####gg##.##........(.
#.....g@.........#.#.#..
######g#######..........
#. ##..#.#.#.# #.
#........# #. ##.#.#.#.#
#) #.......# #% #########
#.


You could see Robin, a hobgoblin (strong) and 2 goblins.

Vanquished Creatures
  An orc priest (D:2)
  Terence (D:2)
  A dart slug (D:1)
  2 orcs (D:2)
  An endoplasm (D:1)
  6 goblins
  6 hobgoblins
  A ball python (D:2)
  6 bats
  A frilled lizard (D:2)
  3 kobolds
  A rat (D:1)
30 creatures vanquished.

Notes
Turn   | Place    | Note
-------+----------+-------------------------------------------
     0 | D:1      | qw the Naga Hunter began the quest for the Orb.
     0 | D:1      | Reached XP level 1. HP: 19/19 MP: 1/1
     0 | D:1      | 0 ||| qw: Version: 0.2-a-29-g511e9b1
     0 | D:1      | 0 ||| qw: Game counter: 5189
     0 | D:1      | 0 ||| qw: Always use a shield: true
     0 | D:1      | 0 ||| qw: God list: Okawaru
     0 | D:1      | 0 ||| qw: Allow faded altars: false
     0 | D:1      | 0 ||| qw: Do Orc after D:15 true
     0 | D:1      | 0 ||| qw: Do second Lair branch before Depths: true
     0 | D:1      | 0 ||| qw: Lair rune preference: random
     0 | D:1      | 0 ||| qw: Plans: Normal
     0 | D:1      | 0 ||| PLANNING D:1-11
    45 | D:1      | 45 ||| INVOKING Spit Poison.
    56 | D:1      | 56 ||| INVOKING Spit Poison.
    89 | D:1      | 89 ||| INVOKING Spit Poison.
   118 | D:1      | 118 ||| INVOKING Spit Poison.
   189 | D:1      | 189 ||| INVOKING Spit Poison.
   266 | D:1      | 266 ||| INVOKING Spit Poison.
   267 | D:1      | Reached skill level 4 in Ranged Weapons
   267 | D:1      | Reached XP level 2. HP: 26/26 MP: 2/2
   325 | D:1      | 325 ||| INVOKING Spit Poison.
   329 | D:1      | 329 ||| INVOKING Spit Poison.
   398 | D:1      | 398 ||| INVOKING Spit Poison.
   457 | D:1      | 457 ||| UPGRADING to amulet of guardian spirit.
   462 | D:1      | 462 ||| READING scroll labelled CIUK XESKARGHOL.
   463 | D:1      | 463 ||| DROPPING scroll of butterflies.
   502 | D:2      | 502 ||| INVOKING Spit Poison.
   507 | D:2      | 507 ||| INVOKING Spit Poison.
   510 | D:2      | HP: 4/26 [orc priest/+0 whip (6)]
   511 | D:2      | 511 ||| INVOKING Spit Poison.
   512 | D:2      | Reached XP level 3. HP: 5/32 MP: 0/3
   661 | D:2      | 661 ||| INVOKING Spit Poison.
   665 | D:2      | 665 ||| INVOKING Spit Poison.
   757 | D:2      | 757 ||| INVOKING Spit Poison.
   762 | D:2      | 762 ||| INVOKING Spit Poison.
   807 | D:2      | 807 ||| INVOKING Spit Poison.
   812 | D:2      | Noticed Terence
   813 | D:2      | 813 ||| INVOKING Spit Poison.
   818 | D:2      | 818 ||| INVOKING Spit Poison.
   819 | D:2      | Killed Terence
   820 | D:2      | Reached skill level 5 in Ranged Weapons
   820 | D:2      | Reached XP level 4. HP: 20/39 MP: 2/4
   839 | D:2      | 839 ||| INVOKING Spit Poison.
   942 | D:2      | 942 ||| INVOKING Spit Poison.
  1016 | D:2      | 1016 ||| INVOKING Spit Poison.
  1021 | D:2      | 1021 ||| INVOKING Spit Poison.
  1024 | D:2      | Noticed Robin
  1026 | D:2      | 1026 ||| INVOKING Spit Poison.
  1029 | D:2      | 1029 ||| INVOKING Spit Poison.
  1034 | D:2      | 1034 ||| INVOKING Spit Poison.
  1037 | D:2      | HP: 5/39 [Robin/+2 dagger of venom (5)]
  1039 | D:2      | HP: 2/39 [Robin/+2 dagger of venom (1)]
  1039 | D:2      | Slain by a goblin

Levels and vault maps discovered:
D:1:      dpeg_arrival_round_b, layout_rooms, serial_forest,
          infiniplex_forest_clump_cross, infiniplex_forest_end_1,
          infiniplex_forest_zigzag_1, infiniplex_forest_clump_diagonal
D:2:      layout_loops_cross, serial_co_window_serial, co_window_corner_a,
          co_window_paths_b, co_window_corner_a, co_window_corner_a,
          co_window_paths_a, co_window_corner_b, co_window_2corner,
          co_window_corner_b, co_window_of_opportunity_b, co_window_corner_b,
          co_window_corner_ca, co_window_broadway_b, glass_columns_a,
          glass_columns_b, glass_columns_a, glass_columns_a,
          wander_ebering_terrifying_dragon_lair, uniq_terence, uniq_robin

Skill      XL: |  1  2  3 |
---------------+----------+-----
Ranged Weapons | 4 5 |  5.2
Fighting       | |  2.2
Dodging        | |  1.5
Stealth        | |  1.5

Action                     |  1- 3 |  4- 6 || total
---------------------------+-------+-------++-------
   Fire: Shortbow          |    42 |    19 ||    61
Ability: Spit Poison       |    19 |     7 ||    26
    Use: Scroll            |     1 |       ||     1
 Armour: Leather armour    |     3 |     3 ||     6
  Dodge: Dodged            |     5 |    10 ||    15

Table legend:
 A = Non-vault XP
 B = Vault XP
 C = Vault XP percentage of total XP
 D = Non-vault monster count
 E = Vault monster count
 F = Vault count percentage of total count
                 A         B        C        D         E       F
            +---------+---------+-------+---------+---------+-------
      Total |      74 |      52 |  41.3 |      20 |      10 |  33.3
            +---------+---------+-------+---------+---------+-------
        D:1 |      21 |       0 |   0.0 |      12 |       0 |   0.0
        D:2 |      53 |      52 |  49.5 |       8 |      10 |  55.6
            +---------+---------+-------+---------+---------+-------
